 Dungeon Crawl Stone Soup version 0.21.1-1-g345015f (webtiles) character file.

298 equizz the Chopper (level 6, 0/42 HPs)
             Began as a Human Fighter on Mar 6, 2018.
             Was a Follower of Hepliaklqana.
             Slain by an orc (4 damage)
             ... on level 4 of the Dungeon.
             The game lasted 00:22:58 (2293 turns).

equizz the Chopper (Human Fighter)                  Turns: 2293, Time: 00:23:01

Health: 0/42       AC:  6    Str: 22    XL:     6   Next: 63%
Magic:  6/6        EV:  9    Int:  8    God:    Hepliaklqana [*.....]
Gold:   89         SH: 10    Dex: 14    Spells: 5/5 levels left

rFire    . . .     SeeInvis .   a - +0 war axe
rCold    . . .     Gourm    .   c - +0 shield
rNeg     . . .     Faith    .   t - +0 leather armour (curse)
rPois    .         Spirit   .   u - +2 hat
rElec    .         Reflect  .   (no cloak)
rCorr    .         Harm     .   (no gloves)
MR       .....                  s - +0 pair of boots
Stlth    ++........             i - amulet of rage
HPRegen  0.14/turn              v - ring of stealth
MPRegen  0.10/turn              (no ring)

@: mighty
A: reduced essence
a: Recall Ancestor, Ancestor Identity, Renounce Religion, Evoke Berserk Rage


You were on level 4 of the Dungeon.
You worshipped Hepliaklqana.
Hepliaklqana was aware of your devotion.
You were not hungry.

You visited 1 branch of the dungeon, and saw 4 of its levels.

You collected 89 gold pieces.

Inventory:

Hand Weapons
 a - a +0 war axe (weapon)
 e - a +0 spear
Armour
 b - a +0 scale mail
 c - a +0 shield (worn)
 s - a +0 pair of boots (worn)
 t - a cursed +0 leather armour (worn)
 u - a +2 hat (worn)
Jewellery
 i - an amulet of rage (around neck)
 q - an uncursed ring of fire
 v - a ring of stealth (left hand)
Wands
 r - a wand of polymorph (6)
Scrolls
 j - 5 scrolls of identify
 l - a scroll of blinking
 m - a scroll of fear
Potions
 d - 2 potions of might
 g - 3 potions of flight {unknown}
 k - a potion of lignification {unknown}
 n - 2 potions of degeneration {unknown}
 o - a potion of curing {unknown}
Books
 p - Sif Muna's Catalogue of Summoning
   (You found it on level 2 of the Dungeon)

   Spells                             Type                      Level
   a - Summon Small Mammal            Summoning                    1
Comestibles
 f - 6 rations


   Skills:
 + Level 3.6 Fighting
 + Level 4.7 Axes
 + Level 3.7 Armour
 + Level 1.3 Dodging
 + Level 0.7 Stealth
 + Level 3.8 Shields


You had 5 spell levels left.
You didn't know any spells.

Dungeon Overview and Level Annotations

Branches:
Dungeon (4/15)
 Temple: D:4-7

Altars:
Hepliaklqana
Kikubaaqudgha
Okawaru
Sif Muna
Vehumet
Wu Jian


Message History

You barely miss the gnoll. The orc priest closely misses you.
The gnoll hits you with a club!
The gnoll hits you from afar with a spear!
The orc priest completely misses you. The gnoll hits you with a club!
You swap places.
Servius hits the orc priest.
The orc priest hits Servius with a trident.
Something hits Servius!
Servius hits the orc priest.
The orc priest dies!
You feel very mighty all of a sudden. The gnoll hits you but does no damage.
Something hits Servius!
Servius is destroyed!
You closely miss the orc.
The gnoll hits you but does no damage. x2
Your shield prevents you from hitting the orc.
You closely miss the gnoll.
The gnoll hits you from afar with a spear!
* * * LOW HITPOINT WARNING * * *
The gnoll hits you with a club.
* * * LOW HITPOINT WARNING * * *
The orc hits you.
You die...

#......#....#.....#
#......#....#.....#
#......#....#)....#
#......#....#.....#
#########......#....'.....#
..........###'###....#.....#
#........g#..........#.....#
#........ogo.........#.....#
#.........#@.........#..<..#
#.......o.#..........#.....#
#......og.#..........#.....#
####.....o...#....###...#.....#
...........###....###...#######
...........#.......#.....#
........?..#.......#.....#
...........#.......#.....#
..........)#.......#.....#


You could see an orc wizard, 2 gnolls and an orc.

Vanquished Creatures
  3 adders
  2 gnolls (D:3)
  2 dart slugs (D:1)
  An orc (D:3)
  3 giant cockroaches
  3 goblins
  7 hobgoblins
  3 jackals (D:1)
  4 kobolds
  A ball python (D:3)
  4 bats
  3 frilled lizards
  6 rats
42 creatures vanquished.

Vanquished Creatures (collateral kills)
  The ghost of Mirai the Chopper, an amateur HOFi (D:3)
  The ghost of letownia2 the Conjurer, a weakling TeWz (D:4)
  An orc priest (D:4)
  Jessica (D:2)
  A gnoll (D:3)
  An adder (D:3)
  An adder skeleton (D:4)
  A leopard gecko (D:3)
  An orc (D:3)
  A hobgoblin (D:3)
  A frilled lizard (D:3)
  A kobold (D:2)
  3 rats (D:3)
15 creatures vanquished.

Vanquished Creatures (others)
  An ancestor (D:4)
1 creature vanquished.

Grand Total: 58 creatures vanquished

Notes
Turn   | Place    | Note
-------+----------+-------------------------------------------
     0 | D:1      | equizz the Human Fighter began the quest for the Orb.
     0 | D:1      | Reached XP level 1. HP: 18/18 MP: 1/1
    77 | D:1      | Reached XP level 2. HP: 14/24 MP: 2/2
   433 | D:1      | Reached XP level 3. HP: 27/29 MP: 3/3
   856 | D:2      | Found a hazy altar of Hepliaklqana.
   863 | D:2      | Became a worshipper of Hepliaklqana the Forgotten
   979 | D:2      | Found an ancient bone altar of Kikubaaqudgha.
   984 | D:2      | Found a deep blue altar of Sif Muna.
   990 | D:2      | Found a radiant altar of Vehumet.
   994 | D:2      | Identified Sif Muna's Catalogue of Summoning
  1081 | D:2      | Found an ornate altar of the Wu Jian Council.
  1082 | D:2      | Noticed Jessica
  1090 | D:2      | Killed Jessica
  1090 | D:2      | Reached skill level 3 in Axes
  1090 | D:2      | Reached XP level 4. HP: 31/31 MP: 4/4
  1208 | D:2      | Found an iron altar of Okawaru.
  1454 | D:3      | Reached XP level 5. HP: 31/36 MP: 5/5
  1474 | D:3      | Reached * piety under Hepliaklqana
  1714 | D:3      | Noticed Mirai's ghost (amateur HOFi)
  1945 | D:3      | Killed Mirai's ghost
  1945 | D:3      | Reached skill level 4 in Axes
  1945 | D:3      | Reached skill level 1 in Dodging
  1945 | D:3      | Reached XP level 6. HP: 22/42 MP: 6/6
  2229 | D:4      | Noticed letownia2's ghost (weakling TeWz)
  2237 | D:4      | Killed letownia2's ghost
  2293 | D:4      | Slain by an orc

Skill      XL: |  1  2  3  4  5 |
---------------+----------------+-----
Axes           | 3 4 |  4.7
Dodging        | 1 |  1.3
Fighting       | |  3.6
Armour         | |  3.7
Stealth        | |  0.7
Shields        | |  3.8

Action                   |  1- 3 |  4- 6 || total
-------------------------+-------+-------++-------
Melee: War axe           |    64 |    63 ||   127
Invok: Ancestor Identity |     2 |       ||     2
Evoke: Wand              |       |     2 ||     2
  Use: Scroll            |       |     3 ||     3
       Potion            |       |     1 ||     1
  Eat: Ration            |     1 |     1 ||     2
Armor: Scale mail        |    24 |    17 ||    41
       Leather armour    |       |     8 ||     8
Dodge: Dodged            |    22 |    18 ||    40
Block: Shield            |    30 |    35 ||    65
